MapleLeafs vs Jets

Created - November-20-14 at 17:16

Goals
1 2 3 T
MapleLeafs 2 2 1 5
Jets 1 2 1 4
Shots
1 2 3 T
MapleLeafs 13 7 11 31
Jets 17 14 15 46

1st period

1. Jets , Jamie Benn 7 (Andre Benoit) at 0:32
2. MapleLeafs , Brian Lashoff 2 (Kris Versteeg, Drew Doughty) at 2:13
3. MapleLeafs , Alexander Urbom 2 (Kris Versteeg) at 19:49 (PP)

Penalties :
Anders Lee (WPG) for Tripping (Minor) at 5:51, Scott Mayfield (TOR) for Hooking (Minor) at 11:37, Connor Murphy (WPG) for Interference (Minor) at 14:31, Troy Brouwer (WPG) for Hooking (Minor) at 19:37

2nd period

4. MapleLeafs , Vincent Lecavalier 6 (Evgeni Malkin, Drew Doughty) at 14:56 (PP)
5. Jets , Jamie Benn 8 (Connor Murphy, Kimmo Timonen) at 16:25 (PP)
6. Jets , Joe Pavelski 12 (Martin St. Louis, Kimmo Timonen) at 16:39 (PP)
7. MapleLeafs , Ryan Callahan 6 (Alexander Urbom, Patrick Marleau) at 17:22

Penalties :
Brian Lashoff (TOR) for Roughing (Minor) at 4:32, Connor Murphy (WPG) for Roughing (Minor) at 14:24, Ryan Callahan (TOR) for Boarding (Double Minor) at 16:04, Jonathan Ericsson (WPG) for Goalie Interference (Minor) at 18:18

3rd period

8. MapleLeafs , Vladimir Tarasenko 9 (Martin Hanzal) at 10:17
9. Jets , Troy Brouwer 4 (Jason Garrison, Nicklas Grossmann) at 12:36

Penalties :
Scott Mayfield (TOR) for Holding (Minor) at 5:53, Pascal Dupuis (WPG) for Roughing (Minor) at 18:53

Goalie Stats

Ryan Miller (TOR), 42 saves from 46 shots - (0.913), W, 5-7-0, 60:00 minutes
Cory Schneider (WPG), 26 saves from 31 shots - (0.839), L, 11-5-1, 60:00 minutes

Players Stats for MapleLeafs

Player Name              G  A  P  +/- PIM S  H  SB GA TA FO     MP     PP MP  PK MP  
------------------------------------------------------------------------------------
Aaron Ness               0  0  0   1  0   0  0  2  0  0  0/0    16:55   3:21   2:42 
Alexander Urbom          1  1  2   1  0   1  0  1  0  0  0/0    18:29   3:21   4:16 
Brian Lashoff            1  0  1   1  2   3  1  0  0  0  0/0    22:53   4:26   1:38 
Chuck Kobasew            0  0  0   0  0   0  1  0  0  0  1/1    16:37   3:21   0:00 
Drew Doughty             0  2  2   1  0   3  4  2  0  0  0/0    27:24   4:26   3:39 
Evgeni Malkin            0  1  1   0  0   5  0  0  0  0  19/28  22:00   4:26   0:05 
Jamie Oleksiak           0  0  0   0  0   0  0  0  0  0  0/0     0:38   0:00   0:38 
Jay Beagle               0  0  0   0  0   0  0  0  0  0  0/0     3:46   0:00   0:00 
Kris Versteeg            0  2  2   1  0   2  0  0  0  0  0/0    15:57   3:21   1:26 
Martin Hanzal            0  1  1   0  0   0  3  0  0  0  21/37  25:17   3:21   4:54 
Nick Leddy               0  0  0  -1  0   1  0  2  0  0  0/0    18:10   0:00   0:11 
Patrick Marleau          0  1  1   0  0   2  0  0  0  0  0/1    17:41   0:00   0:12 
Riley Nash               0  0  0   0  0   2  0  0  0  0  5/8     6:24   0:00   2:38 
Ryan Callahan            1  0  1   0  4   4  2  0  0  0  1/4    25:43   4:26   3:49 
Ryan Carter              0  0  0   1  0   1  1  0  0  0  0/0    11:10   0:00   0:00 
Scott Mayfield           0  0  0  -1  4   2  4  1  0  0  0/0    15:28   0:00   0:00 
Vincent Lecavalier       1  0  1   1  0   1  0  0  0  0  4/14   15:36   4:26   0:00 
Vladimir Tarasenko       1  0  1   0  0   4  0  0  0  0  1/1    13:16   0:00   0:00 

Players Stats for Jets

Player Name              G  A  P  +/- PIM S  H  SB GA TA FO     MP     PP MP  PK MP  
------------------------------------------------------------------------------------
Anders Lee               0  0  0  -2  2   0  2  0  0  0  0/0    20:24   2:35   0:00 
Andre Benoit             0  1  1   0  0   1  0  2  0  0  0/0    22:42   2:30   4:13 
Boyd Gordon              0  0  0  -1  0   2  2  0  0  0  9/20   10:14   0:00   5:26 
Connor Murphy            0  1  1  -2  4   1  4  2  0  0  0/0    21:57   4:02   2:12 
Corey Perry              0  0  0  -2  0   7  0  0  0  0  1/1    21:36   3:46   0:00 
Jamie Benn               2  0  2   2  0   8  1  0  0  0  9/25   18:52   2:46   2:43 
Jason Garrison           0  1  1   1  0   1  0  0  0  0  0/0    18:05   2:30   1:38 
Joe Pavelski             1  0  1  -2  0   6  0  1  0  0  18/33  21:36   3:46   0:00 
Jonathan Ericsson        0  0  0   0  2   1  5  1  0  0  0/0    18:52   0:00   2:54 
Josh Bailey              0  0  0   0  0   2  0  0  0  0  0/0     9:40   0:00   0:00 
Kimmo Timonen            0  2  2  -2  0   2  1  3  0  0  0/0    24:12   4:02   4:25 
Martin St. Louis         0  1  1   2  0   8  0  0  0  0  1/2    19:16   3:46   2:07 
Matt Read                0  0  0  -1  0   3  4  0  0  0  0/0    19:57   0:11   5:18 
Nick Bonino              0  0  0   0  0   0  0  0  0  0  4/12    9:40   0:00   0:00 
Nicklas Grossmann        0  1  1   1  0   1  1  0  0  0  0/0     6:25   0:00   0:12 
Pascal Dupuis            0  0  0  -1  2   0  1  0  0  0  0/0     4:47   0:00   0:00 
Ron Hainsey              0  0  0   0  0   0  0  0  0  0  0/0     7:44   0:00   0:00 
Troy Brouwer             1  0  1   2  2   3  2  0  0  0  0/1    16:08   2:46   0:00 

3 Stars

1 - Jamie Benn (WPG)
2 - Drew Doughty (TOR)
3 - Alexander Urbom (TOR)

Power Play

MapleLeafs - 2 on 6 Attempt(s) - 33.33%
Jets - 2 on 5 Attempt(s) - 40.00%

Penalty Kill

MapleLeafs - 3 on 5 Attempt(s) - 60.00% - Score 0 goal in Penalty Kill
Jets - 4 on 6 Attempt(s) - 66.67% - Score 0 goal in Penalty Kill

Official

Referees : Frederick L'Ecuyer and Kevin Pollock
Linesman : Mark Wheler and Lonnie Cameron

Game Notes

No Game Note

Finance

Level 1 -- Attendance: 5975 (99.58%) -- Ticket Income $585,550
Level 2 -- Attendance: 5000 (100.00%) -- Ticket Income $385,000
Level 3 -- Attendance: 2146 (97.55%) -- Ticket Income $154,512
Level 4 -- Attendance: 1015 (100.00%) -- Ticket Income $66,990
Luxury Box -- Attendance: 800 (100.00%) -- Ticket Income $184,000
Game was played at the MTS Center
Total Attendance: 14936 (99.47%)
Total Ticket Income: $1,376,052
Other Income: $206,408
Total Income: $1,582,460

% Time on Ice - MapleLeafs

Lines # - Real PCT - Wanted PCT - Time Play
Normal Forward
1 - 38% - 40% - 17:29
2 - 29% - 30% - 13:16
3 - 24% - 20% - 11:10
4 - 8% - 10% - 3:46
Normal Defense
1 - 37% - 40% - 16:50
2 - 34% - 30% - 15:30
3 - 24% - 20% - 10:52
4 - 5% - 10% - 2:29
PP Forward
1 - 57% - 60% - 4:26
2 - 43% - 40% - 3:21
PP Defense
1 - 57% - 60% - 4:26
2 - 43% - 40% - 3:21
PK Forward
1 - 78% - 60% - 5:06
2 - 22% - 40% - 1:26
PK Defense
1 - 65% - 60% - 4:16
2 - 35% - 40% - 2:16
PK3 Forward
1 - 0% - 60%
2 - 0% - 40%
PK3 Defense
1 - 0% - 60%
2 - 0% - 40%
44 Forward
1 - 0% - 60%
2 - 0% - 40%
44 Defense
1 - 0% - 60%
2 - 0% - 40%
Last Minute Offensive  - 0:00
Last Minute Defensive  - 0:00
Total
Forward - 60:00
Defense - 60:00

% Time on Ice - Jets

Lines # - Real PCT - Wanted PCT - Time Play
Normal Forward
1 - 39% - 41% - 17:50
2 - 29% - 30% - 13:23
3 - 21% - 19% - 9:40
4 - 11% - 10% - 4:48
Normal Defense
1 - 34% - 43% - 15:45
2 - 35% - 34% - 15:59
3 - 17% - 13% - 7:44
4 - 14% - 10% - 6:13
PP Forward
1 - 58% - 60% - 3:46
2 - 42% - 40% - 2:46
PP Defense
1 - 62% - 70% - 4:02
2 - 38% - 30% - 2:30
PK Forward
1 - 100% - 75% - 7:47
2 - 0% - 25% - 0:00
PK Defense
1 - 57% - 60% - 4:25
2 - 43% - 40% - 3:22
PK3 Forward
1 - 0% - 70%
2 - 0% - 30%
PK3 Defense
1 - 0% - 60%
2 - 0% - 40%
44 Forward
1 - 0% - 60%
2 - 0% - 40%
44 Defense
1 - 0% - 51%
2 - 0% - 49%
Last Minute Offensive  - 0:00
Last Minute Defensive  - 0:00
Total
Forward - 60:00
Defense - 60:00

Play by Play

1st period


0:01 of 1st period - Joe Pavelski wins face-off versus Evgeni Malkin in neutral zone.
0:10 of 1st period - Shot by Joe Pavelski.
0:10 of 1st period - Shot Misses the Net.
0:16 of 1st period - Shot by Ryan Callahan.
0:16 of 1st period - Stopped by Cory Schneider without a rebound.
0:17 of 1st period - Jamie Benn wins face-off versus Martin Hanzal in Jets zone.
0:32 of 1st period - Shot by Jamie Benn.
0:32 of 1st period - Goal by Jamie Benn - MapleLeafs : 0 - Jets : 1.
0:33 of 1st period - Vincent Lecavalier wins face-off versus Nick Bonino in neutral zone.
0:33 of 1st period - Vincent Lecavalier is hit by Matt Read.
0:37 of 1st period - Shot by Kris Versteeg.
0:37 of 1st period - Stopped by Cory Schneider without a rebound.
0:38 of 1st period - Boyd Gordon wins face-off versus Riley Nash in Jets zone.
1:14 of 1st period - Shot by Riley Nash.
1:14 of 1st period - Shot Misses the Net.
1:16 of 1st period - Shot by Riley Nash.
1:16 of 1st period - Shot Hit the Post.
1:18 of 1st period - Shot by Nick Leddy.
1:18 of 1st period - Shot Misses the Net.
1:20 of 1st period - Shot by Nick Leddy.
1:20 of 1st period - Shot Misses the Net.
1:22 of 1st period - Shot by Riley Nash.
1:22 of 1st period - Stopped by Cory Schneider with a rebound.
1:47 of 1st period - Shot by Evgeni Malkin.
1:47 of 1st period - Stopped by Cory Schneider with a rebound.
1:49 of 1st period - Shot by Patrick Marleau.
1:49 of 1st period - Stopped by Cory Schneider without a rebound.
1:50 of 1st period - Joe Pavelski wins face-off versus Vincent Lecavalier in Jets zone.
2:11 of 1st period - Shot by Kris Versteeg.
2:11 of 1st period - Shot Blocked by Connor Murphy.
2:13 of 1st period - Shot by Brian Lashoff.
2:13 of 1st period - Goal by Brian Lashoff - MapleLeafs : 1 - Jets : 1.
2:14 of 1st period - Ryan Callahan wins face-off versus Jamie Benn in neutral zone.
2:25 of 1st period - Shot by Ryan Callahan.
2:25 of 1st period - Shot Misses the Net.
2:31 of 1st period - Shot by Martin St. Louis.
2:31 of 1st period - Stopped by Ryan Miller without a rebound.
2:32 of 1st period - Joe Pavelski wins face-off versus Martin Hanzal in MapleLeafs zone.
3:38 of 1st period - Icing by Matt Read.
3:39 of 1st period - Evgeni Malkin wins face-off versus Nick Bonino in Jets zone.
4:00 of 1st period - Shot by Josh Bailey.
4:00 of 1st period - Stopped by Ryan Miller with a rebound.
4:02 of 1st period - Shot by Matt Read.
4:02 of 1st period - Stopped by Ryan Miller with a rebound.
4:40 of 1st period - Shot by Aaron Ness.
4:40 of 1st period - Shot Misses the Net.
4:42 of 1st period - Shot by Kris Versteeg.
4:42 of 1st period - Stopped by Cory Schneider with a rebound.
5:51 of 1st period - Minor Penalty to Anders Lee for Tripping.
5:52 of 1st period - Evgeni Malkin wins face-off versus Boyd Gordon in Jets zone.
5:52 of 1st period - Vincent Lecavalier is hit by Jonathan Ericsson.
6:44 of 1st period - Chuck Kobasew is hit by Boyd Gordon.
7:00 of 1st period - Icing by Alexander Urbom.
7:01 of 1st period - Martin Hanzal wins face-off versus Jamie Benn in MapleLeafs zone.
7:09 of 1st period - Shot by Martin Hanzal.
7:09 of 1st period - Shot Blocked by Connor Murphy.
7:41 of 1st period - Shot by Drew Doughty.
7:41 of 1st period - Shot Blocked by Andre Benoit.
7:51 of 1st period - Shot by Evgeni Malkin.
7:51 of 1st period - Stopped by Cory Schneider with a rebound.
7:53 of 1st period - Shot by Scott Mayfield.
7:53 of 1st period - Stopped by Cory Schneider without a rebound.
7:54 of 1st period - Riley Nash wins face-off versus Joe Pavelski in Jets zone.
8:03 of 1st period - Shot by Riley Nash.
8:03 of 1st period - Stopped by Cory Schneider without a rebound.
8:04 of 1st period - Joe Pavelski wins face-off versus Patrick Marleau in Jets zone.
8:14 of 1st period - Nick Leddy is hit by Nicklas Grossmann and loses puck.
9:09 of 1st period - Joe Pavelski is hit by Drew Doughty and loses puck.
9:45 of 1st period - Icing by Kimmo Timonen.
9:46 of 1st period - Nick Bonino wins face-off versus Vincent Lecavalier in Jets zone.
10:37 of 1st period - Shot by Troy Brouwer.
10:37 of 1st period - Shot Blocked by Alexander Urbom.
10:39 of 1st period - Shot by Jonathan Ericsson.
10:39 of 1st period - Shot Misses the Net.
10:43 of 1st period - Shot by Troy Brouwer.
10:43 of 1st period - Stopped by Ryan Miller without a rebound.
10:44 of 1st period - Evgeni Malkin wins face-off versus Joe Pavelski in MapleLeafs zone.
10:44 of 1st period - Ryan Callahan is hit by Anders Lee and loses puck.
11:05 of 1st period - Shot by Joe Pavelski.
11:05 of 1st period - Shot Blocked by Scott Mayfield.
11:07 of 1st period - Shot by Joe Pavelski.
11:07 of 1st period - Stopped by Ryan Miller with a rebound.
11:09 of 1st period - Shot by Jason Garrison.
11:09 of 1st period - Stopped by Ryan Miller without a rebound.
11:10 of 1st period - Martin Hanzal wins face-off versus Jamie Benn in MapleLeafs zone.
11:31 of 1st period - Shot by Jamie Benn.
11:31 of 1st period - Stopped by Ryan Miller with a rebound.
11:33 of 1st period - Shot by Martin St. Louis.
11:33 of 1st period - Stopped by Ryan Miller without a rebound.
11:34 of 1st period - Evgeni Malkin wins face-off versus Nick Bonino in MapleLeafs zone.
11:34 of 1st period - Evgeni Malkin is hit by Matt Read.
11:37 of 1st period - Minor Penalty to Scott Mayfield for Hooking.
11:38 of 1st period - Joe Pavelski wins face-off versus Martin Hanzal in MapleLeafs zone.
12:00 of 1st period - Shot by Corey Perry.
12:00 of 1st period - Stopped by Ryan Miller without a rebound.
12:01 of 1st period - Jamie Benn wins face-off versus Martin Hanzal in MapleLeafs zone.
12:02 of 1st period - Shot by Troy Brouwer.
12:02 of 1st period - Shot Misses the Net.
12:18 of 1st period - Shot by Jamie Benn.
12:18 of 1st period - Stopped by Ryan Miller without a rebound.
12:19 of 1st period - Martin Hanzal wins face-off versus Joe Pavelski in MapleLeafs zone.
13:25 of 1st period - Icing by Jamie Benn.
13:26 of 1st period - Jamie Benn wins face-off versus Ryan Callahan in Jets zone.
14:16 of 1st period - Shot by Nick Leddy.
14:16 of 1st period - Stopped by Cory Schneider without a rebound.
14:17 of 1st period - Joe Pavelski wins face-off versus Evgeni Malkin in Jets zone.
14:24 of 1st period - Shot by Corey Perry.
14:24 of 1st period - Stopped by Ryan Miller without a rebound.
14:25 of 1st period - Vladimir Tarasenko wins face-off versus Joe Pavelski in MapleLeafs zone.
14:31 of 1st period - Minor Penalty to Connor Murphy for Interference.
14:32 of 1st period - Boyd Gordon wins face-off versus Evgeni Malkin in Jets zone.
16:07 of 1st period - Shot by Matt Read.
16:07 of 1st period - Stopped by Ryan Miller without a rebound.
16:08 of 1st period - Evgeni Malkin wins face-off versus Boyd Gordon in MapleLeafs zone.
16:08 of 1st period - Evgeni Malkin is hit by Jonathan Ericsson.
16:19 of 1st period - Icing by Drew Doughty.
16:20 of 1st period - Boyd Gordon wins face-off versus Evgeni Malkin in MapleLeafs zone.
16:25 of 1st period - Shot by Matt Read.
16:25 of 1st period - Shot Blocked by Drew Doughty.
16:35 of 1st period - Connor Murphy is hit by Martin Hanzal.
16:41 of 1st period - Shot by Joe Pavelski.
16:41 of 1st period - Stopped by Ryan Miller without a rebound.
16:42 of 1st period - Jamie Benn wins face-off versus Martin Hanzal in MapleLeafs zone.
16:47 of 1st period - Shot by Martin St. Louis.
16:47 of 1st period - Shot Misses the Net.
17:01 of 1st period - Shot by Jamie Benn.
17:01 of 1st period - Stopped by Ryan Miller without a rebound.
17:02 of 1st period - Evgeni Malkin wins face-off versus Joe Pavelski in MapleLeafs zone.
17:09 of 1st period - Connor Murphy is hit by Ryan Callahan and loses puck.
17:34 of 1st period - Shot by Evgeni Malkin.
17:34 of 1st period - Deflect By Patrick Marleau.
17:34 of 1st period - Shot Blocked by Kimmo Timonen.
17:42 of 1st period - Shot by Joe Pavelski.
17:42 of 1st period - Stopped by Ryan Miller without a rebound.
17:43 of 1st period - Martin Hanzal wins face-off versus Jamie Benn in MapleLeafs zone.
17:54 of 1st period - Shot by Martin Hanzal.
17:54 of 1st period - Deflect By Vladimir Tarasenko.
17:54 of 1st period - Stopped by Cory Schneider without a rebound.
17:55 of 1st period - Vincent Lecavalier wins face-off versus Nick Bonino in Jets zone.
18:02 of 1st period - Ryan Carter is hit by Matt Read and loses puck.
19:16 of 1st period - Shot by Anders Lee.
19:16 of 1st period - Shot Misses the Net.
19:30 of 1st period - Shot by Joe Pavelski.
19:30 of 1st period - Stopped by Ryan Miller without a rebound.
19:31 of 1st period - Martin Hanzal wins face-off versus Jamie Benn in MapleLeafs zone.
19:31 of 1st period - Chuck Kobasew is hit by Jamie Benn and loses puck.
19:37 of 1st period - Minor Penalty to Troy Brouwer for Hooking.
19:38 of 1st period - Boyd Gordon wins face-off versus Martin Hanzal in Jets zone.
19:43 of 1st period - Shot by Kris Versteeg.
19:43 of 1st period - Shot Blocked by Jonathan Ericsson.
19:45 of 1st period - Shot by Alexander Urbom.
19:45 of 1st period - Shot Misses the Net.
19:47 of 1st period - Shot by Kris Versteeg.
19:47 of 1st period - Shot Blocked by Kimmo Timonen.
19:49 of 1st period - Shot by Alexander Urbom.
19:49 of 1st period - Goal by Alexander Urbom - MapleLeafs : 2 - Jets : 1.
19:50 of 1st period - Martin Hanzal wins face-off versus Jamie Benn in neutral zone.
Goals for this period are 2 for MapleLeafs vs 1 for Jets.
Shots for this period are 13 for MapleLeafs vs 17 for Jets.

2nd period


0:01 of 2nd period - Joe Pavelski wins face-off versus Ryan Callahan in neutral zone.
0:09 of 2nd period - Shot by Evgeni Malkin.
0:09 of 2nd period - Shot Misses the Net.
0:23 of 2nd period - Shot by Ryan Callahan.
0:23 of 2nd period - Deflect By Evgeni Malkin.
0:23 of 2nd period - Stopped by Cory Schneider with a rebound.
1:05 of 2nd period - Shot by Jamie Benn.
1:05 of 2nd period - Shot Misses the Net.
1:15 of 2nd period - Shot by Jamie Benn.
1:15 of 2nd period - Deflect By Martin St. Louis.
1:15 of 2nd period - Stopped by Ryan Miller with a rebound.
1:17 of 2nd period - Shot by Jamie Benn.
1:17 of 2nd period - Stopped by Ryan Miller with a rebound.
1:21 of 2nd period - Shot by Jamie Benn.
1:21 of 2nd period - Stopped by Ryan Miller without a rebound.
1:22 of 2nd period - Boyd Gordon wins face-off versus Vincent Lecavalier in MapleLeafs zone.
1:26 of 2nd period - Icing by Nick Leddy.
1:27 of 2nd period - Boyd Gordon wins face-off versus Vincent Lecavalier in MapleLeafs zone.
1:27 of 2nd period - Boyd Gordon is hit by Scott Mayfield.
2:05 of 2nd period - Scott Mayfield is hit by Matt Read and loses puck.
2:39 of 2nd period - Martin Hanzal is hit by Boyd Gordon and loses puck.
3:22 of 2nd period - Shot by Corey Perry.
3:22 of 2nd period - Stopped by Ryan Miller without a rebound.
3:23 of 2nd period - Jamie Benn wins face-off versus Evgeni Malkin in MapleLeafs zone.
3:40 of 2nd period - Shot by Martin St. Louis.
3:40 of 2nd period - Stopped by Ryan Miller with a rebound.
4:32 of 2nd period - Minor Penalty to Brian Lashoff for Roughing.
4:33 of 2nd period - Martin Hanzal wins face-off versus Joe Pavelski in MapleLeafs zone.
6:00 of 2nd period - Icing by Martin St. Louis.
6:01 of 2nd period - Riley Nash wins face-off versus Joe Pavelski in Jets zone.
7:09 of 2nd period - Shot by Nicklas Grossmann.
7:09 of 2nd period - Stopped by Ryan Miller without a rebound.
7:10 of 2nd period - Martin Hanzal wins face-off versus Boyd Gordon in MapleLeafs zone.
7:22 of 2nd period - Off-side.
7:23 of 2nd period - Joe Pavelski wins face-off versus Evgeni Malkin in neutral zone.
7:25 of 2nd period - Andre Benoit is hit by Drew Doughty.
7:40 of 2nd period - Shot by Andre Benoit.
7:40 of 2nd period - Shot Blocked by Drew Doughty.
7:42 of 2nd period - Shot by Andre Benoit.
7:42 of 2nd period - Stopped by Ryan Miller without a rebound.
7:43 of 2nd period - Martin Hanzal wins face-off versus Jamie Benn in MapleLeafs zone.
7:57 of 2nd period - Shot by Martin St. Louis.
7:57 of 2nd period - Shot Blocked by Aaron Ness.
8:01 of 2nd period - Shot by Troy Brouwer.
8:01 of 2nd period - Shot Misses the Net.
8:03 of 2nd period - Shot by Martin St. Louis.
8:03 of 2nd period - Stopped by Ryan Miller without a rebound.
8:04 of 2nd period - Evgeni Malkin wins face-off versus Joe Pavelski in MapleLeafs zone.
9:11 of 2nd period - Shot by Jamie Benn.
9:11 of 2nd period - Stopped by Ryan Miller with a rebound.
9:13 of 2nd period - Shot by Troy Brouwer.
9:13 of 2nd period - Stopped by Ryan Miller without a rebound.
9:14 of 2nd period - Nick Bonino wins face-off versus Vincent Lecavalier in MapleLeafs zone.
10:06 of 2nd period - Icing by Vincent Lecavalier.
10:07 of 2nd period - Jamie Benn wins face-off versus Vincent Lecavalier in MapleLeafs zone.
12:39 of 2nd period - Icing by Vincent Lecavalier.
12:40 of 2nd period - Vincent Lecavalier wins face-off versus Nick Bonino in MapleLeafs zone.
13:26 of 2nd period - Shot by Evgeni Malkin.
13:26 of 2nd period - Deflect By Ryan Callahan.
13:26 of 2nd period - Shot Misses the Net.
13:28 of 2nd period - Shot by Drew Doughty.
13:28 of 2nd period - Shot Hit the Post.
14:13 of 2nd period - Martin Hanzal is hit by Jonathan Ericsson and loses puck.
14:22 of 2nd period - Shot by Vladimir Tarasenko.
14:22 of 2nd period - Stopped by Cory Schneider without a rebound.
14:23 of 2nd period - Vincent Lecavalier wins face-off versus Troy Brouwer in Jets zone.
14:23 of 2nd period - Vincent Lecavalier is hit by Connor Murphy.
14:24 of 2nd period - Minor Penalty to Connor Murphy for Roughing.
14:25 of 2nd period - Evgeni Malkin wins face-off versus Boyd Gordon in Jets zone.
14:36 of 2nd period - Shot by Drew Doughty.
14:36 of 2nd period - Shot Blocked by Kimmo Timonen.
14:38 of 2nd period - Shot by Drew Doughty.
14:38 of 2nd period - Shot Misses the Net.
14:52 of 2nd period - Shot by Drew Doughty.
14:52 of 2nd period - Shot Misses the Net.
14:54 of 2nd period - Shot by Evgeni Malkin.
14:54 of 2nd period - Shot Misses the Net.
14:56 of 2nd period - Shot by Vincent Lecavalier.
14:56 of 2nd period - Goal by Vincent Lecavalier - MapleLeafs : 3 - Jets : 1.
14:57 of 2nd period - Riley Nash wins face-off versus Jamie Benn in neutral zone.
15:10 of 2nd period - Shot by Martin St. Louis.
15:10 of 2nd period - Stopped by Ryan Miller without a rebound.
15:11 of 2nd period - Martin Hanzal wins face-off versus Joe Pavelski in MapleLeafs zone.
16:04 of 2nd period - Double Minor Penalty to Ryan Callahan for Boarding.
16:05 of 2nd period - Martin Hanzal wins face-off versus Jamie Benn in MapleLeafs zone.
16:15 of 2nd period - Off-side.
16:16 of 2nd period - Jamie Benn wins face-off versus Martin Hanzal in neutral zone.
16:25 of 2nd period - Shot by Jamie Benn.
16:25 of 2nd period - Goal by Jamie Benn - MapleLeafs : 3 - Jets : 2.
16:26 of 2nd period - Martin Hanzal wins face-off versus Joe Pavelski in neutral zone.
16:39 of 2nd period - Shot by Joe Pavelski.
16:39 of 2nd period - Goal by Joe Pavelski - MapleLeafs : 3 - Jets : 3.
16:40 of 2nd period - Evgeni Malkin wins face-off versus Boyd Gordon in neutral zone.
16:51 of 2nd period - Shot by Boyd Gordon.
16:51 of 2nd period - Stopped by Ryan Miller without a rebound.
16:52 of 2nd period - Jamie Benn wins face-off versus Vincent Lecavalier in MapleLeafs zone.
17:15 of 2nd period - Shot by Kris Versteeg.
17:15 of 2nd period - Deflect By Ryan Carter.
17:15 of 2nd period - Stopped by Cory Schneider without a rebound.
17:16 of 2nd period - Evgeni Malkin wins face-off versus Joe Pavelski in Jets zone.
17:20 of 2nd period - Shot by Alexander Urbom.
17:20 of 2nd period - Shot Blocked by Joe Pavelski.
17:22 of 2nd period - Shot by Ryan Callahan.
17:22 of 2nd period - Goal by Ryan Callahan - MapleLeafs : 4 - Jets : 3.
17:23 of 2nd period - Joe Pavelski wins face-off versus Evgeni Malkin in neutral zone.
17:39 of 2nd period - Icing by Andre Benoit.
17:40 of 2nd period - Martin Hanzal wins face-off versus Joe Pavelski in Jets zone.
17:40 of 2nd period - Nick Leddy is hit by Jonathan Ericsson and loses puck.
17:44 of 2nd period - Icing by Joe Pavelski.
17:45 of 2nd period - Joe Pavelski wins face-off versus Ryan Callahan in Jets zone.
18:13 of 2nd period - Icing by Andre Benoit.
18:14 of 2nd period - Martin Hanzal wins face-off versus Joe Pavelski in Jets zone.
18:18 of 2nd period - Minor Penalty to Jonathan Ericsson for Goalie Interference.
18:19 of 2nd period - Boyd Gordon wins face-off versus Martin Hanzal in Jets zone.
18:25 of 2nd period - Icing by Martin Hanzal.
18:26 of 2nd period - Martin Hanzal wins face-off versus Boyd Gordon in MapleLeafs zone.
19:19 of 2nd period - Shot by Evgeni Malkin.
19:19 of 2nd period - Shot Misses the Net.
19:21 of 2nd period - Shot by Drew Doughty.
19:21 of 2nd period - Stopped by Cory Schneider without a rebound.
19:22 of 2nd period - Evgeni Malkin wins face-off versus Jamie Benn in Jets zone.
19:41 of 2nd period - Shot by Brian Lashoff.
19:41 of 2nd period - Stopped by Cory Schneider without a rebound.
19:42 of 2nd period - Evgeni Malkin wins face-off versus Boyd Gordon in Jets zone.
19:42 of 2nd period - Drew Doughty is hit by Connor Murphy and loses puck.
Goals for this period are 2 for MapleLeafs vs 2 for Jets.
Shots for this period are 7 for MapleLeafs vs 14 for Jets.

3rd period


0:01 of 3rd period - Evgeni Malkin wins face-off versus Boyd Gordon in neutral zone.
0:29 of 3rd period - Nick Leddy is hit by Anders Lee and loses puck.
0:45 of 3rd period - Icing by Scott Mayfield.
0:46 of 3rd period - Martin Hanzal wins face-off versus Jamie Benn in MapleLeafs zone.
0:50 of 3rd period - Off-side.
0:51 of 3rd period - Evgeni Malkin wins face-off versus Jamie Benn in neutral zone.
1:18 of 3rd period - Ryan Callahan is hit by Troy Brouwer and loses puck.
1:34 of 3rd period - Shot by Martin St. Louis.
1:34 of 3rd period - Stopped by Ryan Miller without a rebound.
1:35 of 3rd period - Joe Pavelski wins face-off versus Martin Hanzal in MapleLeafs zone.
1:44 of 3rd period - Shot by Joe Pavelski.
1:44 of 3rd period - Deflect By Corey Perry.
1:44 of 3rd period - Stopped by Ryan Miller without a rebound.
1:45 of 3rd period - Riley Nash wins face-off versus Joe Pavelski in MapleLeafs zone.
2:24 of 3rd period - Shot by Jay Beagle.
2:24 of 3rd period - Shot Blocked by Andre Benoit.
2:26 of 3rd period - Shot by Scott Mayfield.
2:26 of 3rd period - Stopped by Cory Schneider with a rebound.
4:07 of 3rd period - Shot by Josh Bailey.
4:07 of 3rd period - Stopped by Ryan Miller without a rebound.
4:08 of 3rd period - Joe Pavelski wins face-off versus Martin Hanzal in MapleLeafs zone.
4:16 of 3rd period - Icing by Andre Benoit.
4:17 of 3rd period - Joe Pavelski wins face-off versus Martin Hanzal in Jets zone.
4:24 of 3rd period - Shot by Corey Perry.
4:24 of 3rd period - Shot Misses the Net.
4:28 of 3rd period - Shot by Corey Perry.
4:28 of 3rd period - Shot Blocked by Nick Leddy.
4:30 of 3rd period - Shot by Jonathan Ericsson.
4:30 of 3rd period - Stopped by Ryan Miller without a rebound.
4:31 of 3rd period - Evgeni Malkin wins face-off versus Nick Bonino in MapleLeafs zone.
4:33 of 3rd period - Icing by Drew Doughty.
4:34 of 3rd period - Joe Pavelski wins face-off versus Evgeni Malkin in MapleLeafs zone.
4:47 of 3rd period - Corey Perry is hit by Ryan Callahan and loses puck.
5:02 of 3rd period - Shot by Patrick Marleau.
5:02 of 3rd period - Stopped by Cory Schneider with a rebound.
5:04 of 3rd period - Shot by Drew Doughty.
5:04 of 3rd period - Stopped by Cory Schneider without a rebound.
5:05 of 3rd period - Martin St. Louis wins face-off versus Martin Hanzal in Jets zone.
5:05 of 3rd period - Martin St. Louis is hit by Chuck Kobasew.
5:08 of 3rd period - Kimmo Timonen is hit by Martin Hanzal and loses puck.
5:15 of 3rd period - Icing by Chuck Kobasew.
5:16 of 3rd period - Nick Bonino wins face-off versus Martin Hanzal in MapleLeafs zone.
5:16 of 3rd period - Nick Bonino is hit by Scott Mayfield.
5:29 of 3rd period - Icing by Scott Mayfield.
5:30 of 3rd period - Chuck Kobasew wins face-off versus Joe Pavelski in MapleLeafs zone.
5:37 of 3rd period - Shot by Martin Hanzal.
5:37 of 3rd period - Shot Misses the Net.
5:53 of 3rd period - Shot by Corey Perry.
5:53 of 3rd period - Stopped by Ryan Miller without a rebound.
5:53 of 3rd period - Minor Penalty to Scott Mayfield for Holding.
5:54 of 3rd period - Martin Hanzal wins face-off versus Jamie Benn in MapleLeafs zone.
6:12 of 3rd period - Icing by Connor Murphy.
6:13 of 3rd period - Martin Hanzal wins face-off versus Jamie Benn in Jets zone.
6:44 of 3rd period - Shot by Ryan Callahan.
6:44 of 3rd period - Stopped by Cory Schneider without a rebound.
6:45 of 3rd period - Joe Pavelski wins face-off versus Riley Nash in Jets zone.
6:51 of 3rd period - Andre Benoit is hit by Brian Lashoff and loses puck.
6:54 of 3rd period - Shot by Corey Perry.
6:54 of 3rd period - Stopped by Ryan Miller without a rebound.
6:55 of 3rd period - Martin Hanzal wins face-off versus Martin St. Louis in MapleLeafs zone.
7:05 of 3rd period - Andre Benoit is hit by Martin Hanzal and loses puck.
7:29 of 3rd period - Joe Pavelski is hit by Drew Doughty and loses puck.
8:16 of 3rd period - Shot by Nick Bonino.
8:16 of 3rd period - Shot Misses the Net.
8:18 of 3rd period - Shot by Josh Bailey.
8:18 of 3rd period - Shot Blocked by Nick Leddy.
8:20 of 3rd period - Shot by Matt Read.
8:20 of 3rd period - Shot Misses the Net.
8:55 of 3rd period - Jamie Benn is hit by Scott Mayfield.
9:13 of 3rd period - Shot by Martin St. Louis.
9:13 of 3rd period - Shot Misses the Net.
9:15 of 3rd period - Shot by Martin St. Louis.
9:15 of 3rd period - Shot Misses the Net.
9:53 of 3rd period - Shot by Patrick Marleau.
9:53 of 3rd period - Shot Misses the Net.
9:55 of 3rd period - Shot by Brian Lashoff.
9:55 of 3rd period - Stopped by Cory Schneider with a rebound.
10:01 of 3rd period - Shot by Evgeni Malkin.
10:01 of 3rd period - Stopped by Cory Schneider without a rebound.
10:02 of 3rd period - Boyd Gordon wins face-off versus Martin Hanzal in Jets zone.
10:11 of 3rd period - Shot by Vladimir Tarasenko.
10:11 of 3rd period - Shot Misses the Net.
10:13 of 3rd period - Shot by Vladimir Tarasenko.
10:13 of 3rd period - Deflect By Martin Hanzal.
10:13 of 3rd period - Shot Misses the Net.
10:15 of 3rd period - Shot by Vladimir Tarasenko.
10:15 of 3rd period - Shot Misses the Net.
10:17 of 3rd period - Shot by Vladimir Tarasenko.
10:17 of 3rd period - Goal by Vladimir Tarasenko - MapleLeafs : 5 - Jets : 3.
10:18 of 3rd period - Riley Nash wins face-off versus Nick Bonino in neutral zone.
10:20 of 3rd period - Drew Doughty is hit by Kimmo Timonen and loses puck.
10:53 of 3rd period - Icing by Connor Murphy.
10:54 of 3rd period - Evgeni Malkin wins face-off versus Nick Bonino in Jets zone.
11:09 of 3rd period - Evgeni Malkin is hit by Connor Murphy and loses puck.
11:14 of 3rd period - Shot by Ryan Callahan.
11:14 of 3rd period - Stopped by Cory Schneider without a rebound.
11:15 of 3rd period - Corey Perry wins face-off versus Martin Hanzal in Jets zone.
11:30 of 3rd period - Shot by Corey Perry.
11:30 of 3rd period - Deflect By Anders Lee.
11:30 of 3rd period - Shot Misses the Net.
12:36 of 3rd period - Shot by Troy Brouwer.
12:36 of 3rd period - Goal by Troy Brouwer - MapleLeafs : 5 - Jets : 4.
12:37 of 3rd period - Boyd Gordon wins face-off versus Vincent Lecavalier in neutral zone.
13:16 of 3rd period - Shot by Boyd Gordon.
13:16 of 3rd period - Stopped by Ryan Miller without a rebound.
13:17 of 3rd period - Evgeni Malkin wins face-off versus Jamie Benn in MapleLeafs zone.
14:28 of 3rd period - Shot by Vladimir Tarasenko.
14:28 of 3rd period - Stopped by Cory Schneider without a rebound.
14:29 of 3rd period - Joe Pavelski wins face-off versus Vincent Lecavalier in Jets zone.
14:29 of 3rd period - Joe Pavelski is hit by Ryan Carter.
14:35 of 3rd period - Shot by Joe Pavelski.
14:35 of 3rd period - Shot Misses the Net.
14:37 of 3rd period - Shot by Joe Pavelski.
14:37 of 3rd period - Stopped by Ryan Miller without a rebound.
14:38 of 3rd period - Joe Pavelski wins face-off versus Riley Nash in MapleLeafs zone.
14:59 of 3rd period - Shot by Corey Perry.
14:59 of 3rd period - Stopped by Ryan Miller with a rebound.
15:01 of 3rd period - Shot by Connor Murphy.
15:01 of 3rd period - Stopped by Ryan Miller without a rebound.
15:02 of 3rd period - Nick Bonino wins face-off versus Evgeni Malkin in MapleLeafs zone.
15:02 of 3rd period - Nick Bonino is hit by Drew Doughty.
15:30 of 3rd period - Shot by Nick Bonino.
15:30 of 3rd period - Shot Misses the Net.
15:32 of 3rd period - Shot by Matt Read.
15:32 of 3rd period - Stopped by Ryan Miller with a rebound.
15:36 of 3rd period - Shot by Nick Bonino.
15:36 of 3rd period - Shot Misses the Net.
15:46 of 3rd period - Shot by Josh Bailey.
15:46 of 3rd period - Shot Misses the Net.
16:15 of 3rd period - Icing by Chuck Kobasew.
16:16 of 3rd period - Jamie Benn wins face-off versus Martin Hanzal in MapleLeafs zone.
16:29 of 3rd period - Shot by Martin St. Louis.
16:29 of 3rd period - Stopped by Ryan Miller without a rebound.
16:30 of 3rd period - Joe Pavelski wins face-off versus Vincent Lecavalier in MapleLeafs zone.
16:30 of 3rd period - Joe Pavelski is hit by Scott Mayfield.
16:34 of 3rd period - Shot by Corey Perry.
16:34 of 3rd period - Shot Misses the Net.
16:51 of 3rd period - Shot by Joe Pavelski.
16:51 of 3rd period - Shot Misses the Net.
16:53 of 3rd period - Shot by Kimmo Timonen.
16:53 of 3rd period - Stopped by Ryan Miller without a rebound.
16:54 of 3rd period - Martin Hanzal wins face-off versus Jamie Benn in MapleLeafs zone.
16:54 of 3rd period - Martin Hanzal is hit by Troy Brouwer.
17:03 of 3rd period - Aaron Ness is hit by Jonathan Ericsson and loses puck.
17:17 of 3rd period - Shot by Jamie Benn.
17:17 of 3rd period - Shot Blocked by Aaron Ness.
18:01 of 3rd period - Shot by Kimmo Timonen.
18:01 of 3rd period - Stopped by Ryan Miller without a rebound.
18:02 of 3rd period - Evgeni Malkin wins face-off versus Boyd Gordon in MapleLeafs zone.
18:52 of 3rd period - Drew Doughty is hit by Pascal Dupuis and loses puck.
18:53 of 3rd period - Minor Penalty to Pascal Dupuis for Roughing.
18:54 of 3rd period - Martin Hanzal wins face-off versus Boyd Gordon in Jets zone.
18:59 of 3rd period - Shot by Martin Hanzal.
18:59 of 3rd period - Shot Misses the Net.
19:37 of 3rd period - Shot by Evgeni Malkin.
19:37 of 3rd period - Shot Misses the Net.
19:39 of 3rd period - Shot by Evgeni Malkin.
19:39 of 3rd period - Stopped by Cory Schneider without a rebound.
19:40 of 3rd period - Evgeni Malkin wins face-off versus Boyd Gordon in Jets zone.
19:54 of 3rd period - Evgeni Malkin is hit by Connor Murphy and loses puck.
19:59 of 3rd period - Shot by Drew Doughty.
19:59 of 3rd period - Stopped by Cory Schneider without a rebound.
Goals for this period are 1 for MapleLeafs vs 1 for Jets.
Shots for this period are 11 for MapleLeafs vs 15 for Jets.


Output by the SimonT Hockey Simulator (STHS) for Stephane Roy -- Original Page W3C XHTML 1.0 Valid
Hockey Simulator - Hockey Simulation - Hockey Manager